 Dungeon Crawl Stone Soup version 0.27-a0-1384-g1422d76b99 (webtiles) character file.

Game seed: 6126054262293791490

112 epicjoe the Covered (level 4, 0/41 HPs)
             Began as a Minotaur Fighter on June 30, 2021.
             Was a Believer of Trog.
             Slain by a goblin (1 damage)
             ... led by Robin
             ... on level 3 of the Dungeon.
             The game lasted 00:12:45 (2228 turns).

epicjoe the Covered (Minotaur Fighter)              Turns: 2228, Time: 00:12:45

Health: 0/41       AC:  7    Str: 21    XL:     4   Next: 63%
Magic:  3/3        EV: 10    Int:  5    God:    Trog [**....]
Gold:   120        SH:  0    Dex: 10    Spells: 3/3 levels left

rFire    . . .     SeeInvis .   f - +0 lajatang
rCold    . . .     Faith    .   (shield currently unavailable)
rNeg     . . .     Spirit   .   b - +0 scale mail
rPois    .         Reflect  .   (helmet restricted)
rElec    .         Harm     .   (no cloak)
rCorr    .         Rampage  .   (no gloves)
Will     .....                  (no boots)
Stlth    ..........             (no amulet)
HPRegen  0.13/turn              (no ring)
MPRegen  0.08/turn              (no ring)

@: lethally poisoned (0 -> -13)
A: horns 2, retaliatory headbutt
a: Renounce Religion, Berserk, Trog's Hand


You were on level 3 of the Dungeon.
You worshipped Trog.
Trog was pleased with you.
You visited 1 branch of the dungeon, and saw 3 of its levels.

You collected 120 gold pieces.

Inventory:

Hand Weapons
 a - a +0 war axe
 f - a +0 lajatang (weapon)
Armour
 b - a +0 scale mail (worn)
 c - a +0 kite shield
Magical Staves
 g - a staff of cold
Jewellery
 p - a ring of wizardry
Scrolls
 h - 2 scrolls of identify {unknown}
 i - a scroll of blinking {unknown}
 j - a scroll of immolation {unknown}
 k - 2 scrolls of teleportation {unknown}
 m - a scroll of enchant weapon {unknown}
 n - a scroll of amnesia {unknown}
Potions
 d - a potion of might
 e - 3 potions of attraction {unknown}
 l - 2 potions of heal wounds {unknown}
 o - 2 potions of curing {unknown}


   Skills:
 + Level 4.4 Fighting
 + Level 2.6 Axes
 + Level 2.3 Staves
 + Level 4.7 Armour
 + Level 1.4 Dodging
 + Level 0.1 Stealth
 + Level 3.9 Shields


You had 3 spell levels left.
You didn't know any spells.
Your spell library was empty.

Dungeon Overview and Level Annotations

Branches:
Dungeon (3/15)

Altars:
Trog

Annotations:
D:3 Robin


Innate Abilities, Weirdness & Mutations

You have a pair of horns on your head.
You reflexively headbutt those who attack you in melee.


Message History

Robin throws the goblin at you! The goblin barely misses you.
You furiously retaliate!
You headbutt the goblin!
You kill the goblin!
Trog accepts your kill.
The goblin hits you with a +2 dagger of venom.
You are poisoned.
The goblin barely misses you.
You feel sick.
A goblin comes into view. It is wielding a +0 club.
You feel sick. The goblin closely misses you.
You barely miss the goblin.
You feel sick.
The goblin hits you with a +2 dagger of venom.
You are more poisoned.
You barely miss the goblin.
You feel very sick. The goblin hits you but does no damage.
You are more poisoned.
You completely miss the goblin. Your headbutt misses the goblin.
You feel very sick. The goblin hits you but does no damage.
You are more poisoned.
You barely miss the goblin.
You feel very sick. The goblin barely misses you. x2
You barely miss the goblin. Your headbutt misses the goblin.
* * * LOW HITPOINT WARNING * * *
You feel very sick. The goblin closely misses you.
You completely miss the goblin. Your headbutt misses the goblin.
* * * LOW HITPOINT WARNING * * *
You feel very sick.
The goblin hits you with a +2 dagger of venom.
* * * LOW HITPOINT WARNING * * *
You are more poisoned.
You barely miss the goblin.
* * * LOW HITPOINT WARNING * * *
You feel very sick. The goblin misses you.
The goblin hits you with a +2 dagger of venom.
You die...

.. ... ..# ###.## #.#
....###.# .... ... # #..#
#.# #. #..# #.#
..#.#.######..###.######.
............>..@gg.......
##.#.#<...#..###g####...
####.#..# #'# #.#..#


ggg ..#..##..gg .....##.g.g. #####.###.#... #.# #.#.... #.#..... You could see 3
goblins.

Vanquished Creatures
  5 adders (D:2)
  A dart slug (D:2)
  2 ball pythons (D:1)
  7 endoplasms
  3 giant cockroaches (D:2)
  8 goblins
  11 hobgoblins
  A jackal (D:2)
  2 quokkas
  6 bats
  2 frilled lizards
  4 kobolds
  10 rats
62 creatures vanquished.

Vanquished Creatures (others)
  4 plants (D:1)
4 creatures vanquished.

Grand Total: 66 creatures vanquished

Notes
Turn   | Place    | Note
-------+----------+-------------------------------------------
     0 | D:1      | epicjoe the Minotaur Fighter began the quest for the Orb.
     0 | D:1      | Reached XP level 1. HP: 19/19 MP: 0/0
   301 | D:1      | Reached XP level 2. HP: 27/27 MP: 1/1
   344 | D:1      | Found a faded altar of an unknown god.
   349 | D:1      | Became a worshipper of Trog the Wrathful
   349 | D:1      | Reached * piety under Trog
   718 | D:2      | Reached XP level 3. HP: 29/33 MP: 2/2
   731 | D:2      | Reached skill level 1 in Staves
  1044 | D:2      | Reached ** piety under Trog
  1090 | D:2      | Reached skill level 1 in Dodging
  1090 | D:2      | Reached XP level 4. HP: 22/40 MP: 3/3
  1801 | D:2      | Upgraded the game from 0.27-a0-1378-gdefffd1ff6 to
                  | 0.27-a0-1384-g1422d76b99
  2218 | D:3      | Noticed Robin
  2228 | D:3      | HP: 1/41 [poisoned by a goblin]
  2228 | D:3      | Slain by a goblin

Illustrated notes

Levels and vault maps discovered:
D:1:      saegor_arrival_simple_a, layout_loops_ring,
          chequers_ecumenical_altar_lobes, minmay_shallow_snake_nest
D:2:      minmay_thinvault, layout_loops_ring, minmay_rat_gold_closets
D:3:      minmay_octagon_keep, layout_basic, uniq_robin

Skill      XL: |  1  2  3  4 |
---------------+-------------+-----
Fighting       | 4 |  4.4
Armour         | 4 |  4.7
Staves         | 1 2 |  2.3
Dodging        | 1 |  1.4
Axes           | |  2.6
Stealth        | |  0.1
Shields        | |  3.9

Action                   |  1- 3 |  4- 6 || total
-------------------------+-------+-------++-------
Melee: War axe           |    16 |       ||    16
       Lajatang          |    83 |    43 ||   126
       Headbutt          |    16 |     7 ||    23
Armor: Scale mail        |    80 |    19 ||    99
Dodge: Dodged            |    65 |    23 ||    88
Block: Kite shield       |    15 |       ||    15

Table legend: (Time is in decaauts)
 A = Elapsed time spent in this place.
 B = Non-inter-level travel time spent in this place.
 C = Inter-level travel time spent in this place.
 D = Time resting spent in this place.
 E = Time spent auto-exploring this place.
 F = Levels seen in this place.
 G = Mean time per level.
                   A        B        C        D        E       F      G
               +--------+--------+--------+--------+--------+-----+--------+
         Total |   2284 |   1605 |    679 |    137 |    232 |   3 |  761.3 |
       Dungeon |   2284 |   1605 |    679 |    137 |    232 |   3 |  761.3 |
               +--------+--------+--------+--------+--------+-----+--------+

Top non-repeatable levels by time:
     D:2: 1311 daAuts
     D:1: 947 daAuts
     D:3: 26 daAuts
